 Dungeon Crawl Stone Soup version 0.31-a0-1589-g8f5e8aebd6 (webtiles) character file.

Game seed: 3081655468793428423

84 Atlas the Ruffian (level 4, -10/35 HPs)
             Began as a Draconian Shapeshifter on Jan 5, 2024.
             Splashed by a jelly's acid (11 damage)
             ... on level 3 of the Dungeon.
             The game lasted 00:01:22 (1570 turns).

Atlas the Ruffian (Draconian Shapeshifter)          Turns: 1570, Time: 00:01:23

Health: -10/35     AC: -7    Str: 18    XL:     4   Next: 23%
Magic:  4/4        EV: 12    Int: 10    God:
Gold:   47         SH:  0    Dex: 11    Spells: 3/3 levels left

rFire   . .          .
                       - Unarmed
rCold   . . .        (no shield)
rNeg    . . .        (body armour unavailable)
rPois   .            (helmet currently unavailable)
rElec   .            (cloak currently unavailable)
rCorr   .            (gloves currently unavailable)
SInv    .            (boots currently unavailable)
Will    .....        (no amulet)
Stlth   +            (no ring)
HPRegen 0.25/turn    (no ring)
MPRegen 0.09/turn

%: no passive effects
@: beast-form, corroded
A: beast (slay +2), AC +5, unfitting armour, cold-blooded
a: Begin Untransformation


You were on level 3 of the Dungeon.
You were a hulking beast.
You visited 1 branch of the dungeon, and saw 3 of its levels.

You collected 47 gold pieces.

Inventory:

Talismans
 b - a beast talisman
 c - a flux talisman
Scrolls
 d - a scroll of amnesia {unknown}
 e - 2 scrolls of identify {unknown}
 g - a scroll of fear {unknown}
 h - a scroll of teleportation {unknown}
 j - a scroll of revelation {unknown}
 k - a scroll of enchant weapon {unknown}
Potions
 a - a potion of lignification
 f - 2 potions of enlightenment {unknown}
 i - a potion of cancellation {unknown}
 l - a potion of haste {unknown}


   Skills:
 + Level 1.5 Fighting
 + Level 2.2 Dodging
 + Level 0.4 Stealth
 + Level 4.0 Unarmed Combat
 + Level 3.6 Shapeshifting


You had 3 spell levels left.
You didn't know any spells.
Your spell library contained the following spells:

 Spells                   Type           Power      Damage    Failure   Level
 Magic Dart               Conj           0%         1d3       36%         1
 Searing Ray              Conj           0%         2d4       50%         2
 Fulminant Prism          Conj/Alch      0%         3d5       98%         4


Dungeon Overview and Level Annotations

Branches:
Dungeon (3/15)

Altars:


Innate Abilities, Weirdness & Mutations

You are a hulking beast.
Your limbs bulge with bestial killing power. (Slay +2)
Your plain brown scales are hard. (AC +5)
You cannot fit into any form of body armour.
You are cold-blooded and may be slowed by cold attacks.


Message History

You climb downwards.
Found a glowing sling.
There is a stone staircase leading up here.
You see here a +0 heavy sling.
Found a dagger.
A jelly comes into view.
A jelly is nearby!
The jelly hits you.
You are splashed with acid!
You hit the jelly. The acid corrodes you!
Your hands burn!
The jelly is moderately wounded.
You hit the jelly but do no damage.
Your hands burn!
The jelly is moderately wounded.
The jelly closely misses you.
You hit the jelly. The acid corrodes you!
Your hands burn!
The jelly is severely wounded.
The jelly closely misses you.
You hit the jelly but do no damage. The acid corrodes you!
Your hands burn!
The jelly is severely wounded.
The jelly barely misses you.
You hit the jelly but do no damage.
Your hands burn!
You tail-slap the jelly, but do no damage.
The jelly is severely wounded.
The jelly barely misses you.
You hit the jelly.
Your hands burn!
You tail-slap the jelly, but do no damage.
The jelly is almost dead.
The jelly completely misses you.
You are too injured to fight recklessly!
You hit the jelly but do no damage. The acid corrodes you!
Your hands burn!
You tail-slap the jelly, but do no damage.
The jelly is almost dead.
The jelly hits you.
You are splashed with acid!
* * * LOW HITPOINT WARNING * * *
You hit the jelly but do no damage.
Your hands burn!
* * * LOW HITPOINT WARNING * * *
The jelly is almost dead.
The jelly hits you.
* * * LOW HITPOINT WARNING * * *
You are splashed with acid!
You die...

........# ........#
........#
.......<#########
................#
................#
.##.....).......###
###########.....#
#..hJ.# #....)#
............
#............#
#............#
#............#
#............+
#............#


You could see a jelly.

Vanquished Creatures
  4 adders (D:2)
  2 dart slugs
  2 ribbon worms (D:2)
  3 ball pythons (D:1)
  4 bats
  4 endoplasms
  2 giant cockroaches
  5 goblins (D:1)
  6 hobgoblins
  3 kobolds
  2 rats (D:1)
37 creatures vanquished.

Notes
Turn   | Place    | Note
-------+----------+-------------------------------------------
     0 | D:1      | Atlas the Draconian Shapeshifter began the quest for the
                  | Orb.
     0 | D:1      | Reached XP level 1. HP: 16/16 MP: 1/1
   356 | D:1      | Reached XP level 2. HP: 21/23 MP: 2/2
   862 | D:2      | Reached XP level 3. HP: 28/28 MP: 3/3
  1233 | D:2      | Reached XP level 4. HP: 35/35 MP: 4/4
  1316 | D:2      | Reached skill level 4 in Unarmed Combat
  1570 | D:3      | HP: 1/35 [jelly (1)]
  1570 | D:3      | Splashed by a jelly's acid

Illustrated notes

Levels and vault maps discovered:
D:1:      spicycebolla_green_bress_n_ham_2, layout_loops_corners
D:2:      layout_rooms, amcnicky_mini_corridor_feature, kennysheep_boxes
D:3:      layout_basic, minmay_vboxes

Skill      XL: |  1  2  3  4 |
---------------+-------------+-----
Dodging        | 2 |  2.2
Unarmed Combat | 4 |  4.0
Fighting       | |  1.5
Stealth        | |  0.4
Shapeshifting  | |  3.6

Action                     |  1- 3 |  4- 6 || total
---------------------------+-------+-------++-------
  Melee: Unarmed           |    85 |    20 ||   105
         Tailslap          |     8 |     4 ||    12
         Punch             |     5 |       ||     5
    Use: Potion            |     1 |       ||     1
   Stab: Sleeping          |     1 |       ||     1
 Armour: Skin              |    42 |     9 ||    51
  Dodge: Dodged            |    56 |    13 ||    69

Table legend: (Time is in decaauts)
 A = Elapsed time spent in this place.
 B = Non-inter-level travel time spent in this place.
 C = Inter-level travel time spent in this place.
 D = Time resting spent in this place.
 E = Time spent auto-exploring this place.
 F = Levels seen in this place.
 G = Mean time per level.
                   A        B        C        D        E       F      G
               +--------+--------+--------+--------+--------+-----+--------+
         Total |   1566 |   1508 |     58 |      0 |   1249 |   3 |  522.0 |
       Dungeon |   1566 |   1508 |     58 |      0 |   1249 |   3 |  522.0 |
               +--------+--------+--------+--------+--------+-----+--------+

Top non-repeatable levels by time:
     D:1: 847 daAuts
     D:2: 701 daAuts
     D:3: 17 daAuts
